 Dungeon Crawl Stone Soup version 0.21-a0-440-g28109cb (webtiles) character file.

4187 kae the Cleaver (level 10, -4/91 HPs)
             Began as a Hill Orc Fighter on Nov 11, 2017.
             Was a Believer of Okawaru.
             Slain by a hornet (10 damage)
             ... while paralysed by a hornet
             ... on level 7 of the Dungeon.
             The game lasted 00:08:38 (8556 turns).

kae the Cleaver (Hill Orc Fighter)                  Turns: 8556, Time: 00:08:38

Health: -4/91      AC: 14    Str: 23    XL:     10   Next: 29%
Magic:  11/12      EV:  2    Int:  8    God:    Okawaru [**....]
Gold:   378        SH:  0    Dex: 10    Spells: 9/9 levels left

rFire    . . .     SeeInvis .   a - +1 war axe
rCold    . . .     Gourm    .   c - +0 shield
rNeg     . . .     Faith    .   b - +0 scale mail
rPois    .         Spirit   .   y - +0 helmet
rElec    .         Reflect  .   t - +0 cloak
rCorr    .         Harm     .   q - +0 pair of gloves
MR       .....                  (no boots)
Stlth    +.........             j - amulet of magic regeneration
HPRegen  0.25/turn              (no ring)
MPRegen  0.38/turn              (no ring)

@: paralysed, lethally poisoned (-4 -> -17), heroism, slowed
A: no striking features
a: Heroism, Renounce Religion


You were on level 7 of the Dungeon.
You worshipped Okawaru.
Okawaru was pleased with you.
You were not hungry.

You visited 2 branches of the dungeon, and saw 9 of its levels.
You also visited: Sewer.

You collected 510 gold pieces.
You spent 132 gold pieces at shops.

Inventory:

Hand Weapons
 a - a +1 war axe (weapon)
Missiles
 k - a throwing net (quivered)
Armour
 b - a +0 scale mail (worn)
 c - a +0 shield (worn)
 i - a +2 ring mail of cold resistance
 q - a +0 pair of gloves (worn)
 t - a +0 cloak (worn)
 y - a +0 helmet (worn)
Jewellery
 j - an amulet of magic regeneration (around neck)
Wands
 w - a wand of random effects (3/48)
 x - a wand of random effects (18/48)
 C - a wand of polymorph (8/24)
Scrolls
 e - 4 scrolls of remove curse
 g - a scroll of random uselessness
 n - a scroll of amnesia
 u - a scroll of recharging
 v - a scroll of magic mapping {unknown}
 B - a scroll of teleportation
Potions
 d - 2 potions of heal wounds
 h - a potion of mutation {unknown}
 l - a potion of brilliance
 o - 2 potions of flight {unknown}
 r - 2 potions of degeneration
Comestibles
 f - 5 bread rations
 m - 3 meat rations
 A - a royal jelly


   Skills:
 + Level 9.3(14.3) Fighting
 * Level 13.0(18.0) Axes
 + Level 8.5(13.5) Armour
 - Level 3.2(8.2) Shields
 + Level 3.8 Invocations


You had 9 spell levels left.
You didn't know any spells.

Dungeon Overview and Level Annotations

Branches:
Dungeon (8/15)             Temple (1/1) D:6
   Lair: D:8-11

Altars:
Ashenzari
Dithmenos
Elyvilon
Gozag
Hepliaklqana
Kikubaaqudgha
Makhleb
Okawaru
Qazlal
Ru
Sif Muna
Trog
Uskayaw
Vehumet
Wu Jian
Yredelemnul
Zin
The Shining One

Shops:
D:4 [[   D:7 !

Annotations:
D:7 exclusion: door


Message History

You gain the combat prowess of a mighty hero.
You block the hornet's attack. x2
You hit the hornet.
The hornet is lightly wounded.
You block the hornet's attack.
You hit the hornet.
The hornet is lightly wounded.
You block the hornet's attack.
You miss the hornet.
The hornet is lightly wounded.
The hornet stings you!
* * * LOW HITPOINT WARNING * * *
You are poisoned.
You suddenly lose the ability to move!
You feel sick. The hornet completely misses you.
You feel sick. The hornet stings you.
* * * LOW HITPOINT WARNING * * *
You are lethally poisoned!
You feel yourself slow down. The hornet stings you!
You die...

##################
...............y@#
......#.##########
..........#
..........#
#####.....#
#.....# #.....#
###'### #.#


You could see a hornet.

Vanquished Creatures
  The ghost of kae the Cleaver, a novice HOFi (D:6)
  Pikel (D:6)
  A centaur skeleton (D:7)
  Grinder (D:4)
  Edmund (D:6)
  2 sky beasts
  An orc warrior (D:7)
  A phantom (D:3)
  A necrophage (D:7)
  An ice beast (D:5)
  2 ogres
  3 bullfrogs
  A gnoll sergeant (D:7)
  2 big kobolds
  A wyvern zombie (D:7)
  A wyvern skeleton (D:7)
  2 scorpions (D:7)
  8 killer bees
  2 crimson imps
  A howler monkey (D:6)
  Crazy Yiuf (D:6)
  4 hounds
  An orc priest (D:8)
  4 orc wizards
  2 iguanas (D:7)
  8 worker ants
  A hound skeleton (D:5)
  2 worker ant zombies
  7 gnolls
  13 adders
  3 river rats
  2 shadow imps
  4 worms
  A dart slug (D:1)
  7 leopard geckos
  27 orcs
  6 giant cockroaches
  6 hobgoblins
  13 jackals
  8 quokkas
  2 ball pythons (D:3)
  12 bats
  4 frilled lizards
  11 goblins
  19 kobolds
  A leopard gecko skeleton (D:4)
  3 quokka skeletons
  15 rats
221 creatures vanquished.

Notes
Turn   | Place    | Note
-------+----------+-------------------------------------------
     0 | D:1      | kae the Hill Orc Fighter began the quest for the Orb.
     0 | D:1      | Reached XP level 1. HP: 19/19 MP: 1/1
   290 | D:1      | Reached skill level 3 in Axes
   496 | D:1      | Reached XP level 2. HP: 25/27 MP: 2/2
  1153 | D:2      | Reached XP level 3. HP: 32/33 MP: 3/3
  1310 | D:2      | Reached skill level 4 in Axes
  1310 | D:2      | Reached XP level 4. HP: 40/40 MP: 4/4
  1723 | D:2      | Reached skill level 5 in Axes
  1723 | D:2      | Reached XP level 5. HP: 29/47 MP: 5/5
  2402 | D:3      | Noticed a phantom
  2442 | D:3      | Killed a phantom
  2442 | D:3      | Reached skill level 5 in Fighting
  2442 | D:3      | Reached skill level 6 in Axes
  2442 | D:3      | Reached XP level 6. HP: 29/56 MP: 6/6
  2773 | D:3      | Found a burning altar of Makhleb.
  2853 | D:3      | Found a glowing golden altar of the Shining One.
  2981 | D:4      | Reached skill level 7 in Axes
  2981 | D:4      | Reached skill level 5 in Armour
  3377 | D:4      | Found Orghuqu's Antique Armour Emporium.
  3384 | D:4      | Bought a pair of gloves for 121 gold pieces
  3520 | D:4      | Found Ihaawn's Antique Armour Shoppe.
  3588 | D:4      | Reached XP level 7. HP: 57/61 MP: 7/7
  3810 | D:4      | Noticed Grinder
  3815 | D:4      | Paralysed by Grinder for 3 turns
  3825 | D:4      | Killed Grinder
  4012 | D:5      | Entered Level 5 of the Dungeon
  4042 | D:5      | Reached skill level 8 in Axes
  4366 | D:5      | Reached XP level 8. HP: 71/71 MP: 8/8
  4659 | D:5      | Reached skill level 9 in Axes
  5399 | D:6      | Found a glowing drain.
  5419 | Sewer    | Entered a sewer
  5805 | Sewer    | Found a glowing silver altar of Zin.
  5879 | D:6      | Noticed Edmund
  5886 | D:6      | Killed Edmund
  5947 | D:6      | Noticed kae's ghost (novice HOFi)
  5952 | D:6      | Reached skill level 10 in Axes
  6192 | D:6      | Found a staircase to the Ecumenical Temple.
  6306 | D:6      | Found a runed door.
  6391 | D:6      | Killed kae's ghost
  6391 | D:6      | Reached XP level 9. HP: 29/81 MP: 9/9
  6703 | D:6      | Noticed Pikel
  6721 | D:6      | Killed Pikel
  6721 | D:6      | Reached skill level 11 in Axes
  6844 | D:6      | Noticed Crazy Yiuf
  6851 | D:6      | Paralysed by Crazy Yiuf for 3 turns
  6858 | D:6      | Killed Crazy Yiuf
  7164 | Temple   | Entered the Ecumenical Temple
  7218 | Temple   | Became a worshipper of Warmaster Okawaru
  7432 | D:7      | Reached skill level 12 in Axes
  7494 | D:7      | Reached skill level 1 in Invocations
  7587 | D:7      | Reached * piety under Okawaru
  7825 | D:7      | Reached XP level 10. HP: 87/90 MP: 11/11
  7872 | D:7      | Found Liduof's Distillery.
  7936 | D:7      | Bought a potion of degeneration for 11 gold pieces
  8505 | D:8      | Reached skill level 13 in Axes
  8506 | D:8      | Reached ** piety under Okawaru
  8554 | D:7      | Paralysed by a hornet for 3 turns
  8556 | D:7      | Slain by a hornet

Vault maps used:
D:1:      dpeg_arrival_chase, serial_forest, infiniplex_forest_end_3,
          infiniplex_forest_lined_4_way, infiniplex_forest_lined_3,
          infiniplex_forest_corner_2, infiniplex_forest_zigzag_1,
          infiniplex_forest_corner_2
D:2:      minivault_25
D:3:      overflow_temple_1_default, tso_oasis_becter, first_bread
D:4:      serial_shops, kennysheep_little_box, minmay_shop_grid_forest,
          uniq_grinder
D:6:      temple_statues, cheibrodos_sewer_entry_sluice, uniq_pikel,
          uniq_edmund, uniq_crazy_yiuf_cottage
D:7:      serial_shops, shop_statue
D:8:      guppyfry_early_elven_hall
Temple:   nicolae_temple_x_marks_the_god
Sewer:    sewer_kobolds

Skill      XL: |  1  2  3  4  5  6  7  8  9 10 |
---------------+-------------------------------+-----
Axes           | 3 4 5 6 7 8 10 12 13 | 13.0
Fighting       | 4 5 6 7 8 9 |  9.3
Armour         | 4 5 7 8 |  8.5
Invocations    | 2 3 |  3.8
Shields        | |  3.2

Action                   |  1- 3 |  4- 6 |  7- 9 | 10-12 || total
-------------------------+-------+-------+-------+-------++-------
Melee: War axe           |    74 |   236 |   331 |   129 ||   770
Invok: Heroism           |       |       |       |     2 ||     2
Evoke: Wand              |       |       |     3 |       ||     3
  Use: Potion            |       |     2 |     4 |     2 ||     8
       Scroll            |       |       |    12 |       ||    12
  Eat: Chunk             |     1 |     7 |    13 |     3 ||    24
       Royal jelly       |       |       |     1 |       ||     1
Armor: Scale mail        |    31 |   112 |    99 |    39 ||   281
       Skin              |       |       |     5 |    18 ||    23
Dodge: Dodged            |    29 |    71 |    79 |    37 ||   216
Block: Shield            |    37 |   138 |   132 |    84 ||   391

Table legend:
 A = Spawn XP
 B = Non-spawn XP
 C = Spawn XP percentage of total XP
 D = Spawn monster count
 E = Non-spawn monster count
 F = Spawn count percentage of total count
 G = Total turns spent on level
                    A         B        C        D         E        F      G
               +---------+---------+-------+---------+---------+-------+---------
         Total |       0 |    5982 |   0.0 |       0 |     221 |   0.0 |  8556
               +---------+---------+-------+---------+---------+-------+---------
           D:1 |       0 |      32 |   0.0 |       0 |      20 |   0.0 |  1143
           D:2 |       0 |     153 |   0.0 |       0 |      31 |   0.0 |  1050
           D:3 |       0 |     393 |   0.0 |       0 |      40 |   0.0 |   758
           D:4 |       0 |     361 |   0.0 |       0 |       7 |   0.0 |  1061
           D:5 |       0 |     509 |   0.0 |       0 |      26 |   0.0 |  1523
           D:6 |       0 |    1824 |   0.0 |       0 |      21 |   0.0 |  1218
           D:7 |       0 |    2014 |   0.0 |       0 |      48 |   0.0 |  1211
           D:8 |       0 |     582 |   0.0 |       0 |      17 |   0.0 |   102
         Sewer |       0 |     114 |   0.0 |       0 |      11 |   0.0 |   431
               +---------+---------+-------+---------+---------+-------+---------
